AoeStats
← Wolong Qi

Black Forest

510309580Analyzed
3v3 RM · 1d ago on Sep 30, 2026· 43m 47s· 6 players
Game mode
Random Map
Map size
Normal (6 player)
Population
200
Speed
Normal
Resources
Standard
Victory
Conquest
Starting age
Dark Age
Ending age
Imperial Age
RankedLock teamsTeams togetherTeam positionsShared explorationLock speedFull tech treeHidden civsTurbo modeCheats
Victory
Defeat
🇰🇷 Spanish · South Korea
1280
+9
🇨🇳 Hindustanis · China
1238
+10
🇹🇼 Varangians · Taiwan
994
+20
🇹🇼 Spanish · Taiwan
1119
-14
🇦🇹 Franks · Austria
1097
-13
🇧🇪 Mongols · Belgium
1070
-12
(C) Destructo
0:26 Loom
12:47 Feudal Age
13:24 Double-Bit Axe
14:37 Gold Mining
17:53 Castle Age
16:53 Stone Mining
17:33 Scale Barding Armor
19:15 Wheelbarrow
19:32 Bow Saw
25:39 Fletching
29:04 Chain Barding Armor
29:23 Hand Cart
29:23 Pikeman
33:11 Imperial Age
31:30 Forging
31:41 Town Watch
32:36 Gold Shaft Mining
32:08 Gambesons
32:49 Bodkin Arrow
34:18 Sanctity
34:36 Scale Mail Armor
35:13 Iron Casting
35:33 Halberdier
36:59 Ballistics
36:50 Fortified Wall
37:01 Squires
37:19 Chain Mail Armor
38:04 Blast Furnace
37:16 Cavalier
38:59 Conscription
39:34 Plate Barding Armor
38:41 Paladin
40:57 Chemistry
40:08 Masonry
40:03 Siege Engineers
40:08 Husbandry
41:09 Blast Furnace
40:38 Chivalry
41:14 Hoardings
Toonzy
1:07 Loom
9:32 Feudal Age
10:05 Double-Bit Axe
17:28 Castle Age
15:12 Horse Collar
15:59 Stone Mining
19:02 Bow Saw
20:16 Wheelbarrow
23:19 Heavy Plow
24:06 Hand Cart
23:40 Town Watch
29:57 Imperial Age
28:12 Husbandry
28:22 Bloodlines
28:34 Gold Mining
29:23 Stone Shaft Mining
30:09 Scale Barding Armor
30:15 Forging
30:14 Town Patrol
31:05 Gold Shaft Mining
31:00 Conscription
30:41 Nomads
32:14 Drill
32:36 Chain Barding Armor
32:52 Iron Casting
33:02 Coinage
32:34 Caravan
32:32 Light Cavalry
34:02 Elite Steppe Lancer
35:31 Onager
35:43 Pikeman
36:24 Squires
37:14 Hussar
39:18 Ballistics
younguns
12:38 Feudal Age
17:09 Castle Age
16:00 Double-Bit Axe
15:56 Horse Collar
18:58 Bow Saw
20:14 Loom
22:22 Fletching
26:21 Wheelbarrow
29:55 Imperial Age
29:56 Forging
29:52 Scale Barding Armor
29:56 Heavy Plow
30:41 Hand Cart
31:31 Iron Casting
31:08 Bloodlines
30:59 Husbandry
31:44 Chain Barding Armor
31:51 Cavalier
32:30 Gold Mining
34:11 Blast Furnace
33:41 Scale Mail Armor
33:27 Pikeman
34:08 Squires
34:41 Bodkin Arrow
34:14 Halberdier
36:29 Chain Mail Armor
cerulean0426
0:34 Loom
11:31 Feudal Age
15:53 Castle Age
14:44 Double-Bit Axe
14:56 Horse Collar
19:46 Bow Saw
21:02 Heavy Plow
22:10 Wheelbarrow
23:34 Town Watch
28:36 Imperial Age
26:45 Forging
26:40 Scale Barding Armor
27:26 Scale Barding Armor
28:41 Bloodlines
29:03 Hand Cart
29:05 Husbandry
29:18 Gold Mining
30:39 Conscription
29:40 Cavalier
30:05 Capped Ram
33:05 Town Patrol
34:06 Caravan
34:43 Ballistics
37:32 Chemistry
37:41 Two-Man Saw
36:48 Siege Ram
37:18 Man-at-Arms
37:59 Long Swordsman
39:09 Supremacy
38:24 Sappers
38:35 Two-Handed Swordsman
39:00 Gambesons
39:13 Arson
39:31 Scale Mail Armor
39:50 Squires
39:19 Champion
40:42 Chain Mail Armor
41:40 Iron Casting
44:16 Blast Furnace
43:47 Plate Mail Armor
42:49 Pikeman
43:20 Halberdier
Wolong Qi
9:00 Loom
11:09 Feudal Age
15:13 Castle Age
13:05 Horse Collar
13:11 Double-Bit Axe
16:34 Bow Saw
16:49 Heavy Plow
18:58 Wheelbarrow
22:30 Hand Cart
28:14 Imperial Age
26:21 Scale Barding Armor
26:27 Forging
26:42 Fletching
27:57 Husbandry
28:08 Bloodlines
28:42 Chain Barding Armor
28:57 Iron Casting
29:00 Ballistics
28:51 Masonry
28:52 Heavy Camel Rider
30:50 Two-Man Saw
31:11 Chemistry
31:13 Gold Mining
31:14 Stone Mining
32:16 Conscription
32:45 Gold Shaft Mining
31:34 Imperial Camel Rider
33:37 Plate Barding Armor
32:57 Bodkin Arrow
33:11 Caravan
35:57 Blast Furnace
34:58 Bracer
35:38 Town Watch
36:08 Squires
37:07 Town Patrol
37:44 Stone Shaft Mining
38:19 Padded Archer Armor
38:19 Scale Mail Armor
38:15 Elite Ghulam
38:57 Grand Trunk Road
40:31 Chain Mail Armor
40:32 Leather Archer Armor
42:11 Hoardings
43:13 Coinage
44:32 Banking
44:50 Ring Archer Armor
44:28 Siege Engineers
SASHIME
0:27 Loom
13:19 Feudal Age
16:46 Castle Age
15:07 Double-Bit Axe
15:28 Horse Collar
18:29 Bow Saw
25:34 Fletching
27:17 Heavy Plow
27:37 Bodkin Arrow
31:53 Imperial Age
29:58 Wheelbarrow
32:00 Hand Cart
32:08 Scale Barding Armor
32:13 Forging
33:38 Vendel Legacy
35:06 Bloodlines
34:57 Husbandry
35:26 Conscription
36:40 Chain Barding Armor
36:56 Iron Casting
36:41 Elite Jarl
38:57 Two-Man Saw
39:23 Plate Barding Armor
39:48 Blast Furnace
42:19 Murder Holes
43:43 Bracer
Connection lost

Rejoining the realm…

Still unreachable

The connection could not be restored.

Session expired

The server has moved on; the page needs a fresh start.